 Dungeon Sprint DCSS version 0.21-a0-278-ga722497 (webtiles) character file.

308 vatarom the Cruncher (level 6, -3/53 HPs)
             Began as a Demonspawn Gladiator on Sept 21, 2017.
             Was an Initiate of Wu Jian.
             Slain by a centaur warrior (7 damage)
             ... in the Dungeon (Sprint I: "Red Sonja").
             The game lasted 00:00:53 (391 turns).

vatarom the Cruncher (Demonspawn Gladiator)          Turns: 391, Time: 00:00:54

Health: -3/53      AC:  5    Str: 14    XL:     6   Next: 17%
Magic:  0/6        EV: 16    Int: 10    God:    Wu Jian [......]
Gold:   175        SH:  0    Dex: 16    Spells: 5/5 levels left

rFire    . . .     SeeInvis .   a - +0 quarterstaff
rCold    . . .     Gourm    .   (shield currently unavailable)
rNeg     . . .     Faith    .   b - +0 leather armour
rPois    .         Spirit   +   (helmet restricted)
rElec    .         Reflect  .   (no cloak)
rCorr    .         Harm     .   (no gloves)
MR       .....     NoTele   +   (no boots)
Stlth    +.........             (no amulet)
HPRegen  0.17/turn              (no ring)
MPRegen  0.10/turn              (no ring)

@: no status effects
A: antennae 1, iridescent scales 1, powered by death 2, magic shield
a: Renounce Religion


You were in the Dungeon.
You worshipped Wu Jian.
Wu Jian was noncommittal.
You were not hungry.

You visited 1 branch You collected 175 gold pieces.

Inventory:

Hand Weapons
 a - a +0 quarterstaff (weapon)
Missiles
 d - 3 throwing nets (quivered)
Armour
 b - a +0 leather armour (worn)
 c - a +0 helmet
Scrolls
 k - a scroll of blinking
Potions
 i - 2 potions of magic
Comestibles
 f - a bread ration


   Skills:
 + Level 6.8 Fighting
 * Level 9.0 Staves
 - Level 1.7 Throwing
 + Level 6.5 Dodging


You had 5 spell levels left.
You didn't know any spells.

Dungeon Overview and Level Annotations

Branches:
Dungeon (1/1)

Altars:
Sif Muna
Vehumet
Wu Jian


Innate Abilities, Weirdness & Mutations

You have a pair of small antennae on your head.
You are partially covered in iridescent scales. (AC +2)
You regenerate health from kills.
When hurt, damage is shared between your health and your magic reserves.


Message History

There is an open door here.
You hit the centaur warrior.
The centaur warrior is lightly wounded.
The centaur warrior completely misses you.
The centaur warrior hits you!
* * * LOW HITPOINT WARNING * * *
Okay, then.
You hit the centaur warrior but do no damage.
The centaur warrior closely misses you.
You hit the centaur warrior but do no damage.
The centaur warrior hits you but does no damage.
A centaur warrior comes into view.
The centaur warrior shouts!
You hit the centaur warrior but do no damage.
The centaur warrior hits you.
* * * LOW HITPOINT WARNING * * *
The centaur warrior closely misses you.
Unknown command.
You closely miss the centaur warrior. The centaur warrior hits you!
You die...

################
#<.#..').#..'..#
#..').#..').#..+
#..#####'#####'#
## #..# #..#
#(####§%# #..#
#### ##(#≈§§§.#
#..# #_.@c§§§§
#⌠⌠#
+..._#c§§§§#
####
#_.#+##+#### ##+


You could see 2 centaur warriors.

Vanquished Creatures
  Sigmund (D)
  An ogre (D)
  A jelly (D)
  Ijyb (D)
4 creatures vanquished.

Vanquished Creatures (others)
  A gargoyle (D)
1 creature vanquished.

Grand Total: 5 creatures vanquished

Notes
Turn   | Place    | Note
-------+----------+-------------------------------------------
     0 | D        | vatarom the Demonspawn Gladiator began the quest for the Orb.
     0 | D        | Reached XP level 1. HP: 16/16 MP: 1/1
     2 | D        | Noticed Ijyb
    23 | D        | Killed Ijyb
    23 | D        | Reached skill level 4 in Staves
    23 | D        | Gained mutation: You are partially covered in iridescent scales. (AC +2) [demonic ancestry]
    23 | D        | Reached XP level 2. HP: 18/24 MP: 2/2
   115 | D        | Noticed an ogre
   124 | D        | Killed an ogre
   124 | D        | Reached skill level 6 in Staves
   124 | D        | Gained mutation: You have a pair of small antennae on your head. [demonic ancestry]
   124 | D        | Reached XP level 3. HP: 32/32 MP: 3/3
   124 | D        | Gained mutation: When hurt, damage is shared between your health and your magic reserves. [demonic ancestry]
   124 | D        | Reached XP level 4. HP: 38/38 MP: 4/4
   161 | D        | Noticed Sigmund
   190 | D        | Killed Sigmund
   190 | D        | Reached skill level 8 in Staves
   190 | D        | Gained mutation: You regenerate a little health from kills. [demonic ancestry]
   190 | D        | Reached XP level 5. HP: 22/47 MP: 3/5
   190 | D        | Gained mutation: You regenerate health from kills. [demonic ancestry]
   190 | D        | Reached XP level 6. HP: 25/53 MP: 3/6
   192 | D        | Killed a gargoyle
   326 | D        | Found a deep blue altar of Sif Muna.
   327 | D        | Found an ornate altar of the Wu Jian Council.
   328 | D        | Found a radiant altar of Vehumet.
   339 | D        | Reached skill level 9 in Staves
   378 | D        | Became a worshipper of the Wu Jian Council
   381 | D        | Noticed a centaur warrior
   390 | D        | Noticed a centaur warrior
   391 | D        | Slain by a centaur warrior

Vault maps used:
D:        dungeon_sprint_1

Skill      XL: |  1  2  3  4  5  6 |
---------------+-------------------+-----
Fighting       | 3 4 6 |  6.8
Staves         | 4 6 8 9 |  9.0
Dodging        | 3 4 6 |  6.5
Throwing       | |  1.7

Action                   |  1- 3 |  4- 6 || total
-------------------------+-------+-------++-------
Melee: Quarterstaff      |    26 |    40 ||    66
  Use: Potion            |     3 |     2 ||     5
Armor: Leather armour    |     1 |     2 ||     3
Dodge: Dodged            |    13 |    22 ||    35

Table legend:
 A = Spawn XP
 B = Non-spawn XP
 C = Spawn XP percentage of total XP
 D = Spawn monster count
 E = Non-spawn monster count
 F = Spawn count percentage of total count
 G = Total turns spent on level
                    A         B        C        D         E        F      G
               +---------+---------+-------+---------+---------+-------+---------
         Total |       0 |     441 |   0.0 |       0 |       4 |   0.0 |   391
               +---------+---------+-------+---------+---------+-------+---------
             D |       0 |     441 |   0.0 |       0 |       4 |   0.0 |   391
               +---------+---------+-------+---------+---------+-------+---------
